 Dungeon Crawl Stone Soup version 0.29-a0-490-g77b3608bb8 (webtiles) character file.

Game seed: 10285425189532523467

7305 loir the Thaumaturge (level 11, -18/85 HPs)
             Began as a Djinni Fire Elementalist on May 25, 2022.
             Was a Follower of Makhleb.
             Demolished by a large slime creature (38 damage)
             ... on level 10 of the Dungeon on May 26, 2022.
             The game lasted 01:05:01 (9053 turns).

loir the Thaumaturge (Djinni Fire Elementalist)     Turns: 9053, Time: 01:05:01

Health: -18/85     AC: 11    Str:  7    XL:     11   Next: 34%
Gold:   483        EV: 11    Int: 28    God:    Makhleb [*.....] SH:  0 Dex: 13

rFire   + + .      SeeInvis .   r - +1 short sword of the Loving Wolf {protect, rC+}
rCold   . . .      Faith    .   (no shield)
rNeg    . . .      Spirit   .   I - +2 leather armour {Will+}
rPois   ∞          Reflect  .   (no helmet)
rElec   .          Harm     .   m - +0 cloak {rCorr}
rCorr   +          Rampage  .   f - +0 pair of gloves
Will    ++...                   (boots unavailable)
Stlth   ++........              d - amulet of regeneration
HPRegen 1.04/turn               i - +6 ring of intelligence
MPRegen 0.00/turn               E - +4 ring of protection

@: flying
A: sickness immunity, fire resistance 2, cold vulnerability 1, float, innate
caster, HP casting, extra vitality 1
a: Renounce Religion


You were on level 10 of the Dungeon.
You worshipped Makhleb.
Makhleb was aware of your devotion.
You visited 3 branches of the dungeon, and saw 12 of its levels.
You also visited: Sewer.

You collected 1346 gold pieces.
You spent 863 gold pieces at shops.

Inventory:

Hand Weapons
 k - a +3 quarterstaff of chaos
 q - a +1 long sword of freezing
 r - the +1 short sword of the Loving Wolf (weapon) {protect, rC+}
   (You bought it in a shop on level 2 of the Dungeon)

   It grants its wielder temporary protection when it strikes (+7 to AC).
   rC:        It protects you from cold.
 s - a +0 trident of venom
 t - a +0 dagger of electrocution
 x - a +0 short sword of protection
 y - a +0 vampiric short sword
 A - a +2 dire flail of holy wrath
 F - a +1 morningstar of distortion
 J - a +0 falchion
 L - a +4 flail
Missiles
 e - 325 stones
 h - 17 poisoned darts
 j - 4 datura-tipped darts
 z - 2 throwing nets
 K - a curare-tipped dart
Armour
 a - a +0 robe
 f - a +0 pair of gloves (worn)
 m - a +0 cloak of preservation (worn)
 I - a +2 leather armour of willpower (worn)
Magical Staves
 l - a staff of poison
 S - a staff of death
Jewellery
 d - an amulet of regeneration (around neck)
 i - a +6 ring of intelligence (left hand)
 E - a +4 ring of protection (right hand)
Wands
 O - a wand of polymorph (4)
 Q - a wand of flame (7)
 R - a wand of acid (3)
 T - a wand of paralysis (5)
Scrolls
 c - a scroll of enchant weapon
 u - 2 scrolls of brand weapon
 C - 4 scrolls of fear
 D - 2 scrolls of fog
 G - 3 scrolls of poison
 H - a scroll of blinking
 P - a scroll of teleportation
Potions
 b - 2 potions of berserk rage
 g - a potion of brilliance
 n - a potion of mutation {unknown}
 o - 5 potions of curing
 p - 2 potions of heal wounds
 v - 2 potions of might {unknown}
 w - a potion of degeneration {unknown}
 B - a potion of lignification {unknown}
 M - a potion of resistance {unknown}
 N - 4 potions of invisibility {unknown}


   Skills:
 + Level 9.7 Fighting
 - Level 2.1 Dodging
 - Level 1.5 Stealth
 * Level 10.9 Spellcasting


You had 5 spell levels left.
You knew the following spells:

 Your Spells              Type           Power      Damage    Failure   Level
a - Foxfire               Conj/Fire      100%       2x1d9     1%          1
b - Scorch                Fire           100%       2d10      1%          2
c - Conjure Flame         Conj/Fire      67%        6-21      1%          3
d - Inner Flame           Hex/Fire       67%        N/A       1%          3
e - Flame Wave            Conj/Fire      67%        2d12      1%          4
f - Apportation           Tloc           100%       N/A       1%          1
g - Ensorcelled Hibernat  Hex/Ice        100%       N/A       1%          2
h - Lesser Beckoning      Tloc           67%        N/A       1%          3
i - Mephitic Cloud        Conj/Pois/Air  67%        N/A       1%          3
j - Leda's Liquefaction   Hex/Erth       33%        N/A       1%          4
Your spell library was empty.

Dungeon Overview and Level Annotations

Branches:
Dungeon (10/15)            Temple (1/1) D:7            Lair (1/6) D:8
  Sewer (visited)
    Orc: D:9-12

Altars:
Ashenzari
Cheibriados
Dithmenos
Elyvilon
Fedhas
Gozag
Kikubaaqudgha
Makhleb
Nemelex Xobeh
Okawaru
Qazlal
Ru
Sif Muna
Trog
Wu Jian
Xom
Yredelemnul
Zin

Shops:
D:2 :(((=   D:3 (*=((   D:9 ?


Innate Abilities, Weirdness & Mutations

You are immune to sickness and miasma.
You are immune to poison.
Your flesh is very heat resistant. (rF++)
You are vulnerable to cold. (rC-)
You float through the air rather than walking.
You learn spells naturally, not from books.
Your magical power is your life essence.
You have superior vitality. (+4 MHP)


Message History

Flames lash the large slime creature.
The large slime creature is burned terribly!
The large slime creature is heavily wounded.
The large slime creature hits you but does no damage.
The large slime creature barely misses you.
Casting: Scorch (safe; 1% risk of failure)
Confirm with . or Enter, or press ? or * to list all spells.
Flames lash the large slime creature.
The large slime creature is burned terribly!
The large slime creature is heavily wounded.
The large slime creature barely misses you.
A large slime creature splits.
Casting: Scorch (safe; 1% risk of failure)
Confirm with . or Enter, or press ? or * to list all spells.
Flames lash the slime creature.
The slime creature is burned terribly!
The slime creature is severely wounded.
The large slime creature closely misses you.
The slime creature hits you! x2
Casting: Scorch (safe; 1% risk of failure)
Confirm with . or Enter, or press ? or * to list all spells.
Flames lash the large slime creature.
The large slime creature is burned terribly!
The large slime creature is heavily wounded.
The large slime creature barely misses you.
The slime creature hits you but does no damage. x2
Casting: Scorch (safe; 1% risk of failure)
Confirm with . or Enter, or press ? or * to list all spells.
Flames lash the slime creature.
The slime creature is burned terribly!
The slime creature is almost dead.
The large slime creature hits you!!
* * * LOW HITPOINT WARNING * * *
The slime creature hits you but does no damage.
The slime creature misses you.
Casting: Scorch (safe; 1% risk of failure)
Confirm with . or Enter, or press ? or * to list all spells.
Flames lash the slime creature.
The slime creature is burned terribly!
The slime creature is severely wounded.
* * * LOW HITPOINT WARNING * * *
The large slime creature hits you!!!
You die...

######### #####
........##########.....
#.###...............#
..#
###.........J!..###.
#.# ######...<@J......
#.## #.####J..##.. ...#
#.. $....# ...# #..#
......# ..<# ...#
..##### #.## #.## ..#
#.# #.# ..# #<# #.# ..#
..#


You could see a large slime creature (combustible) and 2 slime creatures.

Vanquished Creatures
  A hydra (D:7)
  Pikel (D:9)
  Maurice (D:9)
  Prince Ribbit (D:9)
  A slime creature (D:10)
  Sigmund (D:3)
  5 yaks (D:8)
  3 wraiths
  Menkaure (D:7)
  Edmund (D:5)
  Pargi (Sewer)
  3 orc warriors
  An ogre (D:6)
  3 sky beasts
  5 centaurs
  A phantom (D:7)
  4 lemures (D:9)
  Blork the orc (D:4)
  2 kobold brigands (D:7)
  7 bullfrogs
  6 scorpions
  9 wights
  The ghost of Pooter the Bolt Thrower, a weakling MiHu (D:3)
  4 howler monkeys
  A lava snake (D:7)
  4 hounds
  A jelly (D:4)
  Crazy Yiuf (D:3)
  2 gnoll shamans
  8 orc priests
  10 orc wizards
  Terence (D:3)
  An iguana (D:6)
  10 adders
  8 gnolls
  2 white imps
  An ufetubus (D:7)
  2 worms
  2 dart slugs
  34 orcs
  6 ball pythons
  5 endoplasms
  3 giant cockroaches
  9 goblins
  4 hobgoblins
  2 jackals (D:2)
  19 kobolds
  2 quokkas
  4 bats
  9 frilled lizards
  6 rats
  2 butterflies (D:8)
223 creatures vanquished.

Vanquished Creatures (collateral kills)
  14 foxfires (D:1)
14 creatures vanquished.

Vanquished Creatures (others)
  A lava snake (D:7)
  508 foxfires
  16 fungi
  11 plants
536 creatures vanquished.

Grand Total: 773 creatures vanquished

Notes
Turn   | Place    | Note
-------+----------+-------------------------------------------
     0 | D:1      | loir the Djinni Fire Elementalist began the quest for the
                  | Orb.
     0 | D:1      | Reached XP level 1. HP: 15/15 MP: 0/0
    98 | D:1      | Found a faded altar of an unknown god.
   511 | D:1      | Reached XP level 2. HP: 15/22 MP: 0/0
   690 | D:1      | Upgraded the game from 0.29-a0-483-g69413ace17 to
                  | 0.29-a0-490-g77b3608bb8
   946 | D:1      | Reached skill level 1 in Fighting
  1051 | D:2      | Found Ezeucs's Antique Weapon Shop.
  1057 | D:2      | Reached XP level 3. HP: 26/27 MP: 0/0
  1057 | D:2      | Learned a level 1 spell: Apportation
  1104 | D:2      | Found Omocoepn's Jewellery Boutique.
  1170 | D:2      | Reached skill level 3 in Spellcasting
  1181 | D:2      | Noticed a scorpion
  1184 | D:2      | Killed a scorpion
  1185 | D:2      | Reached XP level 4. HP: 32/33 MP: 0/0
  1205 | D:2      | Found Yllomub's Weapon Boutique.
  1310 | D:2      | Found Hezyss's Book Emporium.
  1390 | D:2      | Reached XP level 5. HP: 36/38 MP: 0/0
  1390 | D:2      | Learned a level 2 spell: Ensorcelled Hibernation
  1442 | D:2      | Found Ygewupp's Weapon Boutique.
  1451 | D:2      | Bought the +1 short sword of the Loving Wolf {protect, rC+}
                  | for 226 gold pieces
  1579 | D:3      | Found Ewna's Weapon Shop.
  1814 | D:3      | Identified a scroll of acquirement
  1814 | D:3      | Acquired 552 gold pieces
  1840 | D:3      | Found Duzino's Weapon Boutique.
  2222 | D:3      | Found a runed translucent door.
  2223 | D:3      | Noticed Pooter's ghost (weakling MiHu)
  2238 | D:3      | Killed Pooter's ghost
  2239 | D:3      | Reached skill level 4 in Spellcasting
  2363 | D:3      | Found Amuabluf's General Store.
  2370 | D:3      | Reached XP level 6. HP: 42/45 MP: 0/0
  2412 | D:3      | Found Onecum's Jewellery Boutique.
  2417 | D:3      | Noticed Terence
  2424 | D:3      | Killed Terence
  2430 | D:3      | Bought a +6 ring of intelligence for 585 gold pieces
  2486 | D:3      | Found Qymob's Weapon Shop.
  2497 | D:3      | Noticed Sigmund
  2504 | D:3      | Killed Sigmund
  2505 | D:3      | Reached XP level 7. HP: 47/50 MP: 0/0
  2505 | D:3      | Learned a level 3 spell: Lesser Beckoning
  2568 | D:3      | Found a runed translucent door.
  2569 | D:3      | Noticed Crazy Yiuf
  2576 | D:3      | Killed Crazy Yiuf
  2577 | D:3      | Reached skill level 5 in Spellcasting
  3100 | D:4      | Noticed Blork the orc
  3105 | D:4      | Killed Blork the orc
  3106 | D:4      | Reached XP level 8. HP: 46/58 MP: 0/0
  3580 | D:4      | Reached skill level 6 in Spellcasting
  3687 | D:5      | Entered Level 5 of the Dungeon
  3842 | D:5      | Found a sacrificial altar of Ru.
  3874 | D:5      | Reached skill level 5 in Fighting
  3933 | D:5      | Noticed Edmund
  3939 | D:5      | Killed Edmund
  3996 | D:5      | Found a bloodstained altar of Trog.
  4015 | D:5      | Found a glowing drain.
  4235 | Sewer    | Entered a sewer
  4315 | Sewer    | Noticed Pargi
  4321 | Sewer    | Killed Pargi
  5115 | D:6      | Reached skill level 7 in Spellcasting
  5115 | D:6      | Reached XP level 9. HP: 59/66 MP: 0/0
  5115 | D:6      | Learned a level 3 spell: Mephitic Cloud
  6425 | D:7      | Reached skill level 8 in Spellcasting
  6483 | D:7      | Found a white marble altar of Elyvilon.
  6599 | D:7      | Noticed Menkaure
  6606 | D:7      | Killed Menkaure
  6703 | D:7      | Reached XP level 10. HP: 70/75 MP: 0/0
  7043 | D:7      | Noticed a seven-headed hydra
  7050 | D:7      | Killed a seven-headed hydra
  7051 | D:7      | Reached skill level 9 in Spellcasting
  7178 | D:7      | Found a staircase to the Ecumenical Temple.
  7184 | Temple   | Entered the Ecumenical Temple
  7191 | Temple   | Became a worshipper of Makhleb the Destroyer
  7348 | D:8      | Found a basalt altar of Yredelemnul.
  7359 | D:8      | Found a blossoming altar of Fedhas.
  7516 | D:8      | Found a staircase to the Lair.
  7528 | D:8      | HP: 3/77 [bullfrog (4)]
  7608 | D:8      | Reached skill level 10 in Spellcasting
  7829 | D:8      | Found a shimmering altar of Xom.
  8092 | Lair:1   | Entered Level 1 of the Lair of Beasts
  8098 | Lair:1   | Noticed a rime drake
  8210 | D:9      | Reached * piety under Makhleb
  8320 | D:9      | Found an iron altar of Okawaru.
  8339 | D:9      | Noticed Maurice
  8347 | D:9      | Killed Maurice
  8348 | D:9      | Reached XP level 11. HP: 77/84 MP: 0/0
  8348 | D:9      | Learned a level 4 spell: Leda's Liquefaction
  8374 | D:9      | Found Morrimp's Magic Scroll Shop.
  8377 | D:9      | Bought a scroll of identify for 26 gold pieces
  8377 | D:9      | Bought a scroll of identify for 26 gold pieces
  8467 | D:9      | Noticed Prince Ribbit
  8499 | D:9      | Killed Prince Ribbit
  8760 | D:9      | Noticed Pikel
  8773 | D:9      | Killed Pikel
  8984 | D:10     | Entered Level 10 of the Dungeon
  9053 | D:10     | Demolished by a large slime creature

Illustrated notes

Levels and vault maps discovered:
D:1:      wander_arrival_estate, layout_loops_ring,
          dreamdust_ecumenical_altar_grove, minmay_tripent
D:2:      layout_rooms, serial_shops, shop_fountains, shop_coins,
          nicolae_square_shop, nicolae_shop_advertising_works
          [nicolae_subvault_shop_adworks], nicolae_shop_waterfront
D:3:      layout_loops_corners, ebering_ghost_reflecting_pool, serial_shops,
          shop, nicolae_shop_waterfront, shop, shop, nicolae_shop_statue_plus,
          uniq_crazy_yiuf_cottage, uniq_sigmund, uniq_terence
D:4:      layout_loops_corners, uniq_blork_the_orc
D:5:      layout_gridville, lemuel_tele_altar,
          nicolae_ru_great_annihilating_truth, gup_sewer_entry_glass,
          uniq_edmund
D:6:      layout_layer_cave, mainiacjoe_overflow_six_doors_small,
          roderic_serpentine_path
D:7:      layout_loops_cross, elyvilon_altar_3,
          minmay_temple_entry_enclosed_plants, nicolae_lava_and_water,
          uniq_menkaure
D:8:      layout_basic, xom_butterflies, amethyst_overflow_temple_binary,
          grunt_lair_entry_orc_guard_hut
D:9:      layout_basic, kennysheep_okawaru_gauntlet, serial_shops,
          kennysheep_mini, uniq_maurice, uniq_prince_ribbit1, uniq_pikel
D:10:     layout_loops_ring, minmay_orc_entry_temple_small,
          chequers_serial_rivers_micro_d
Temple:   eino_temple_lava
Lair:1:   layout_cave_pods, beast_lair_carwin_4, grunt_megastairs_5

Skill      XL: |  1  2  3  4  5  6  7  8  9 10 |
---------------+-------------------------------+-----
Fighting       | 1 2 3 4 5 7 9 |  9.7
Spellcasting   | 3 4 5 7 8 10 | 10.9
Dodging        | |  2.1
Stealth        | |  1.5

Action                   |  1- 3 |  4- 6 |  7- 9 | 10-12 || total
-------------------------+-------+-------+-------+-------++-------
Melee: Unarmed           |     1 |       |       |       ||     1
       Short sword       |       |     3 |     2 |     2 ||     7
       Punch             |       |       |       |     1 ||     1
 Cast: Foxfire           |    44 |    55 |   156 |    78 ||   333
       Scorch            |     8 |    30 |   112 |   126 ||   276
       Conjure Flame     |       |     1 |     1 |     5 ||     7
       Inner Flame       |       |       |     1 |     5 ||     6
       Mephitic Cloud    |       |       |     5 |     6 ||    11
       Flame Wave        |       |       |       |     1 ||     1
  Use: Scroll            |       |     9 |     5 |     6 ||    20
Armor: Robe              |       |     4 |     7 |       ||    11
       Leather armour    |       |       |     7 |    25 ||    32
Dodge: Dodged            |     3 |     5 |    12 |    34 ||    54

Table legend: (Time is in decaauts)
 A = Elapsed time spent in this place.
 B = Non-inter-level travel time spent in this place.
 C = Inter-level travel time spent in this place.
 D = Time resting spent in this place.
 E = Time spent auto-exploring this place.
 F = Levels seen in this place.
 G = Mean time per level.
                   A        B        C        D        E       F      G
               +--------+--------+--------+--------+--------+-----+--------+
         Total |   9055 |   8400 |    655 |    184 |   6698 |  13 |  696.5 |
       Dungeon |   8806 |   8163 |    643 |    184 |   6555 |  10 |  880.6 |
        Temple |     14 |      2 |     12 |      0 |      0 |   1 |   14.0 |
          Lair |     14 |     14 |      0 |      0 |      0 |   1 |   14.0 |
         Sewer |    219 |    219 |      0 |      0 |    143 |   1 |  219.0 |
               +--------+--------+--------+--------+--------+-----+--------+

Top non-repeatable levels by time:
     D:6: 1304 daAuts
     D:5: 1152 daAuts
     D:3: 1070 daAuts
     D:1: 1051 daAuts
     D:4: 1036 daAuts
     D:7: 915 daAuts
     D:8: 866 daAuts
     D:9: 824 daAuts
     D:2: 527 daAuts
   Sewer: 219 daAuts
    D:10: 57 daAuts
  Temple: 14 daAuts
  Lair:1: 14 daAuts
